 Dungeon Crawl Stone Soup version 0.29.1-2-gbd0b4ee654 (webtiles) character file.

Game seed: 7121467266657478187

1334 LustLizard the Sneak (level 8, -1/39 HPs)
             Began as a Spriggan Conjurer on Nov 7, 2022.
             Shot with an arrow by a centaur (10 damage)
             ... on level 6 of the Dungeon.
             The game lasted 00:23:00 (8711 turns).

LustLizard the Sneak (Spriggan Conjurer)            Turns: 8711, Time: 00:23:01

Health: -1/39      AC:  2    Str:  8    XL:     8   Next: 35%
Magic:  9/16       EV: 17    Int: 20    God:
Gold:   276        SH:  0    Dex: 13    Spells: 10/17 levels left

rFire   . . .      SeeInvis +   w - +2 dagger (speed)
rCold   . . .      Faith    .   (no shield)
rNeg    . . .      Spirit   .   o - +0 robe of the Maze {Str+3}
rPois   +          Reflect  .   (helmet restricted)
rElec   .          Harm     .   (no cloak)
rCorr   .          Rampage  .   (gloves unavailable)
Will    +....                   (boots unavailable)
Stlth   +++.......              (no amulet)
HPRegen 0.13/turn               f - ring of poison resistance
MPRegen 0.15/turn               (no ring)

@: very quick
A: very small, no large weapons, unfitting armour, see invisible, speed 3
a: no special abilities


You were on level 6 of the Dungeon.
You visited 2 branches of the dungeon, and saw 7 of its levels.
You also visited: Sewer.

You collected 276 gold pieces.

Inventory:

Hand Weapons
 d - a +0 short sword
 w - a +2 dagger of speed (weapon)
Missiles
 s - 17 poisoned darts
Armour
 a - a +0 robe
 o - the +0 robe of the Maze (worn) {Str+3}
   (You found it on level 2 of the Dungeon)

   Str:       It affects your strength (+3).
Magical Staves
 i - a staff of air
Jewellery
 f - a ring of poison resistance (left hand)
Wands
 q - a wand of charming (27)
 x - a wand of iceblast (6)
Scrolls
 c - a scroll of butterflies {unknown}
 g - a scroll of enchant armour {unknown}
 k - 3 scrolls of teleportation
 l - a scroll of magic mapping {unknown}
 m - a scroll of torment {unknown}
 n - a scroll of noise {unknown}
 r - a scroll of amnesia {unknown}
 u - a scroll of poison
Potions
 b - 3 potions of magic
 e - 5 potions of might
 h - 3 potions of curing
 j - 2 potions of brilliance
 p - 5 potions of haste
 t - 2 potions of heal wounds
 v - a potion of resistance
 z - a potion of cancellation


   Skills:
 + Level 2.9 Fighting
 - Level 2.6 Dodging
 + Level 6.5 Stealth
 + Level 5.1 Spellcasting
 * Level 5.1 Conjurations
 - Level 3.0 Hexes
 * Level 6.2 Evocations


You had 10 spell levels left.
You knew the following spells:

 Your Spells              Type           Power      Damage    Failure   Level
a - Magic Dart            Conj           100%       1d8       1%          1
b - Searing Ray           Conj           50%        2d6       2%          2
c - Fulminant Prism       Conj/Hex       10%        3d9       22%         4

Your spell library contained the following spells:

 Spells                   Type           Power      Damage    Failure   Level
 Dazzling Flash           Conj/Hex       42%        N/A       6%          3
 Iskenderun's Mystic Bla  Conj/Tloc      15%        2d5       36%         4


Dungeon Overview and Level Annotations

Branches:
Dungeon (6/15)             Temple (1/1) D:5           Sewer (visited)

Altars:
Ashenzari
Cheibriados
Elyvilon
Gozag
Makhleb
Okawaru
Qazlal
Ru
Sif Muna
Trog
Uskayaw
Wu Jian
Xom
Zin
The Shining One

Annotations:
D:5 Edmund, Sigmund


Innate Abilities, Weirdness & Mutations

You are very small and have problems with some larger weapons.
You are too small for most types of armour.
You have supernaturally acute eyesight. (SInv)
You cover ground extremely quickly. (Speed+++)


Message History

The centaur drinks a potion.
The centaur seems to speed up.
The centaur shoots an arrow.
The arrow misses you.
Casting: Magic Dart (safe; 1% risk of failure)
Confirm with . or Enter, or press ? or * to list all spells.
Aiming: Magic Dart (safe; 1% risk of failure)
Press: ? - help, Shift-Dir - straight line, f/p - centaur
Aim: a centaur, wielding a +0 shortbow, wearing a ring of wizardry and quivering stones (lightly wounded, fast, 100% to hit)
The magic dart hits the centaur.
The centaur is moderately wounded.
The centaur shoots an arrow.
The arrow closely misses you.
The centaur shoots an arrow.
The arrow misses you.
Casting: Magic Dart (safe; 1% risk of failure)
Confirm with . or Enter, or press ? or * to list all spells.
Aiming: Magic Dart (safe; 1% risk of failure)
Press: ? - help, Shift-Dir - straight line, f/p - centaur
Aim: a centaur, wielding a +0 shortbow, wearing a ring of wizardry and quivering stones (moderately wounded, fast, 100% to hit)
The magic dart hits the centaur.
The centaur is heavily wounded.
The centaur shoots an arrow.
The arrow hits you!
The centaur shoots an arrow.
The arrow barely misses you.
Casting: Magic Dart (safe; 1% risk of failure)
Confirm with . or Enter, or press ? or * to list all spells.
Aiming: Magic Dart (safe; 1% risk of failure)
Press: ? - help, Shift-Dir - straight line, f/p - centaur
Aim: a centaur, wielding a +0 shortbow, wearing a ring of wizardry and quivering stones (heavily wounded, fast, 100% to hit)
The magic dart hits the centaur.
The centaur is heavily wounded.
The centaur shoots an arrow.
The arrow hits you!
Casting: Magic Dart (safe; 1% risk of failure)
Confirm with . or Enter, or press ? or * to list all spells.
Aiming: Magic Dart (safe; 1% risk of failure)
Press: ? - help, Shift-Dir - straight line, f/p - centaur
Aim: a centaur, wielding a +0 shortbow, wearing a ring of wizardry and quivering stones (heavily wounded, fast, 100% to hit)
The magic dart hits the centaur.
The centaur is heavily wounded.
The centaur shoots an arrow.
The arrow barely misses you.
The centaur shoots an arrow.
The arrow hits you!
* * * LOW HITPOINT WARNING * * *
The centaur shoots an arrow.
The arrow hits you!
You die...

#......#
#...#### ....
#.### .... #.#
...c. #.# .....
#.# ...... #.#
###.....# #.#
#........ #.#
#@# #)#####.#
#######.......#
#.......#######
####.#####.#
.))..# #.#
###### #.#
##.#####
#......#


You could see a centaur (fast).

Vanquished Creatures
  An ice beast (D:6)
  2 ogres
  A kobold brigand (Sewer)
  A phantom (D:4)
  2 bullfrogs (D:6)
  A gnoll sergeant (D:6)
  3 scorpions
  A howler monkey (D:5)
  A hound (D:5)
  2 jellies (D:5)
  2 iguanas
  4 orc wizards (D:4)
  3 gnolls (D:6)
  11 adders
  A river rat (Sewer)
  A shadow imp (D:6)
  An ufetubus (D:5)
  5 dart slugs
  19 orcs
  5 endoplasms
  2 giant cockroaches
  5 goblins
  5 hobgoblins (D:1)
  9 jackals (D:3)
  22 kobolds
  3 quokkas
  9 ball pythons
  3 bats
  6 frilled lizards
  27 rats
158 creatures vanquished.

Vanquished Creatures (others)
  A fulminant prism (D:4)
  2 fungi (D:2)
  2 plants (D:2)
5 creatures vanquished.

Grand Total: 163 creatures vanquished

Notes
Turn   | Place    | Note
-------+----------+-------------------------------------------
     0 | D:1      | LustLizard the Spriggan Conjurer began the quest for the
                  | Orb.
     0 | D:1      | Reached XP level 1. HP: 9/9 MP: 5/5
   221 | D:1      | Reached XP level 2. HP: 7/13 MP: 0/6
  1178 | D:2      | Learned a level 2 spell: Searing Ray
  1242 | D:2      | Reached XP level 3. HP: 17/17 MP: 1/8
  1601 | D:2      | Identified the +0 robe of the Maze {Str+3}
  1632 | D:2      | Found a faded altar of an unknown god.
  1673 | D:2      | Reached skill level 1 in Fighting
  1920 | D:2      | Identified the +0 ring mail "Aguppyfaff" {Int+3 Dex+2}
  2592 | D:3      | Reached XP level 4. HP: 22/22 MP: 1/9
  2640 | D:3      | Found a glowing drain.
  2664 | D:3      | Found a white marble altar of Elyvilon.
  2675 | D:3      | Found an iron altar of Okawaru.
  2693 | D:3      | Found an opulent altar of Gozag.
  2704 | D:3      | Found a glowing golden altar of the Shining One.
  2784 | D:3      | Reached skill level 1 in Evocations
  2853 | Sewer    | Entered a sewer
  3243 | Sewer    | Noticed a kobold brigand
  3305 | Sewer    | Killed a kobold brigand
  3306 | Sewer    | Reached XP level 5. HP: 17/25 MP: 0/11
  4722 | D:3      | Learned a level 4 spell: Fulminant Prism
  5308 | D:4      | Reached XP level 6. HP: 22/30 MP: 3/12
  5452 | D:4      | Reached skill level 5 in Stealth
  5861 | D:4      | Reached skill level 1 in Hexes
  6655 | D:4      | Reached XP level 7. HP: 35/35 MP: 9/14
  6797 | D:5      | Entered Level 5 of the Dungeon
  7177 | D:5      | Reached skill level 5 in Evocations
  7347 | D:5      | Found a staircase to the Ecumenical Temple.
  7433 | Temple   | Entered the Ecumenical Temple
  7824 | D:5      | Noticed Edmund
  7824 | D:5      | Noticed Sigmund
  8196 | D:6      | Reached XP level 8. HP: 39/39 MP: 7/16
  8339 | D:6      | Found a hide-covered altar of Uskayaw.
  8550 | D:6      | Reached skill level 5 in Spellcasting
  8550 | D:6      | Reached skill level 5 in Conjurations
  8711 | D:6      | Shot with an arrow by a centaur

Illustrated notes

Levels and vault maps discovered:
D:1:      kennysheep_arrival_seaside, layout_rooms, eino_curves_03,
          grunt_decor_cap
D:2:      layout_basic, shapermc_ecumenical_altar_mp_urbaneastern
D:3:      layout_basic, nicolae_overflow_quartered_altars, gup_sewer_entry_bowl
D:4:      layout_basic
D:5:      layout_cave_pools, minmay_temple_entry_fiery, sigmund_edmund_badplayer
D:6:      cheibrodos_steamvent, layout_loops_cross,
          mainiacjoe_overflow_cross_hatched, serial_bayou_lake_a
Temple:   dpeg_chambers_temple

Skill      XL: |  1  2  3  4  5  6  7  8 |
---------------+-------------------------+-----
Conjurations   | 3 4 5 |  5.1
Spellcasting   | 3 4 5 |  5.1
Fighting       | 1 2 |  2.9
Stealth        | 4 5 6 |  6.5
Evocations     | 2 3 4 5 6 |  6.2
Hexes          | 1 2 3 |  3.0
Dodging        | |  2.6

Action                   |  1- 3 |  4- 6 |  7- 9 || total
-------------------------+-------+-------+-------++-------
Melee: Short sword       |     7 |    34 |       ||    41
       Unarmed           |     1 |       |       ||     1
       Dagger            |       |     5 |     4 ||     9
Throw: Dart              |       |     3 |     3 ||     6
 Cast: Magic Dart        |    85 |   188 |    80 ||   353
       Searing Ray       |       |    14 |    15 ||    29
       Fulminant Prism   |       |     1 |       ||     1
Evoke: Wand              |       |       |     1 ||     1
  Use: Scroll            |       |     6 |     3 ||     9
Armor: Robe              |     2 |     5 |       ||     7
Dodge: Dodged            |     6 |    52 |    19 ||    77
